 Dungeon Crawl Stone Soup version 0.26-a0-40-gfe7b5d5a6f (webtiles) character file.

Game seed: 18161812851315362501, levelgen mode: deterministic

713885 Essalna the Slayer (level 27, 0/193 HPs)
             Began as a Gargoyle Ice Elementalist on June 1, 2020.
             Was the Champion of Vehumet.
             Killed by divine providence
             ... invoked by a greater mummy
              (15 damage)
             ... on level 3 of the Tomb of the Ancients.
             The game lasted 04:51:27 (67639 turns).

Essalna the Slayer (Gargoyle Ice Elementalist)     Turns: 67639, Time: 04:51:27

Health: 0/193      AC: 37    Str: 22    XL:     27
Magic:  22/58      EV: 21    Int: 52    God:    Vehumet [******]
Gold:   9291       SH: 15    Dex: 13    Spells: 34/70 levels left

rFire    + + +     SeeInvis .   q - +3 war axe of Ijiliv {drain, Fragile rF+++ Int+4}
rCold    + + .     Gourm    .   s - +1 kite shield of Objectivity {*Drain rN+ Int+4 Dex+7}
rNeg     + + .     Faith    .   Z - +2 robe {Archmagi}
rPois    ∞         Spirit   .   a - +2 helmet {Int+3}
rElec    +         Reflect  .   A - +2 cloak {MR+}
rCorr    +         Harm     .   O - +1 pair of gloves of Boffese {+Blink rCorr Int+7}
MR       +++..     NoTele   +   W - +0 pair of boots "Muxtax" {-Tele rC++ MP+9 Stlth+}
Stlth    +++.......             N - amulet of the Evening {RegenMP Str+4 Int+4 Dex-2}
HPRegen  0.42/turn              I - ring of Eblinyg {Str+3 Int+6}
MPRegen  0.61/turn              U - ring of wizardry

@: flying, very slightly contaminated, slowed, invisible, very slow
A: big wings, clumsy 1, deformed body, dopey 1, negative energy resistance 1,
electricity resistance, unbreathing, petrification resistance, no potion heal 1,
rot immunity, AC +20
}: 4/15 runes: decaying, serpentine, slimy, silver
a: Stop Flying, Renounce Religion, Evoke Blink


You were on level 3 of the Tomb of the Ancients.
You worshipped Vehumet.
Vehumet was exalted by your worship.
You were hungry.

You visited 12 branches of the dungeon, and saw 56 of its levels.
You visited the Abyss 1 time.
You visited 1 bazaar.
You also visited: Gauntlet.

You collected 9291 gold pieces.

Inventory:

Hand Weapons
 l - the +6 Majin-Bo {vamp, Archmagi MP+6 Int+6}
   (You took it off a skeletal warrior on level 3 of the Crypt)

   It inflicts no extra harm, but heals its wielder when it wounds a living foe.
   It affects your intelligence (+6).
   It affects your magic capacity (+6).
 q - the +3 war axe of Ijiliv (weapon) {drain, Fragile rF+++ Int+4}
   (You found it on level 14 of the Dungeon)

   A truly terrible weapon, it drains the life of those it strikes.
   It affects your intelligence (+4).
   It renders you almost immune to fire.
   It will be destroyed if unequipped.
 y - the +7 short sword of Tenacity {vorpal, +Blink Int+4}
   (You found it on level 6 of the Lair of Beasts)

   It inflicts extra damage upon your enemies.
   It affects your intelligence (+4).
   It lets you blink.
 M - the +5 war axe of Sobitz {freeze, rElec Str+3 Int+4, unknown}
   (You found it on level 3 of the Elven Halls)

   It has been specially enchanted to freeze those struck by it, causing extra
   injury to most foes and up to half again as much damage against particularly
   susceptible opponents.
   It can also slow down cold-blooded creatures.
   It affects your strength (+3).
   It affects your intelligence (+4).
   It insulates you from electricity.
Armour
 a - a +2 helmet of intelligence (worn)
 e - the +2 gold dragon scales "Xaagirua" {Harm rPois rF+ rC+ rCorr MP+9 Str+4}
   (You found it on level 3 of the Elven Halls)

   It affects your strength (+4).
   It protects you from fire.
   It protects you from cold.
   It protects you from poison.
   It affects your magic capacity (+9).
   It provides partial protection from all sources of acid and corrosion.
   It increases damage dealt and taken.
 g - the +2 helmet "Ibikaf" {*Contam rC+ Dex+6 SInv}
   (You found it in a Gauntlet)

   It affects your dexterity (+6).
   It protects you from cold.
   It lets you see invisible.
   It causes magical contamination when unequipped.
 s - the +1 kite shield of Objectivity (worn) {*Drain rN+ Int+4 Dex+7}
   (You took it off a minotaur in a Gauntlet)

   It affects your intelligence (+4).
   It affects your dexterity (+7).
   It protects you from negative energy.
   It causes draining when unequipped.
 u - a +2 kite shield of resistance
 v - a +2 pair of boots of flying
 A - a +2 cloak of magic resistance (worn)
 O - the +1 pair of gloves of Boffese (worn) {+Blink rCorr Int+7}
   (You found it on level 3 of the Depths)

   It affects your intelligence (+7).
   It lets you blink.
   It provides partial protection from all sources of acid and corrosion.
 V - a +1 kite shield of protection
 W - the +0 pair of boots "Muxtax" (worn) {-Tele rC++ MP+9 Stlth+}
   (You found it in a Gauntlet)

   It greatly protects you from cold.
   It affects your magic capacity (+9).
   It prevents most forms of teleportation.
   It makes you more stealthy.
 Z - a +2 robe of the Archmagi (worn)
Magical Staves
 x - an uncursed staff of earth
 R - an uncursed staff of wizardry
Jewellery
 b - a +6 ring of intelligence
 m - the ring "Libej" {AC+4 Str+4 Int+2 Dex+4}
   (You found it on level 3 of the Elven Halls)

   [ring of protection]

   It affects your AC (+4).
   It affects your strength (+4).
   It affects your intelligence (+2).
   It affects your dexterity (+4).
 I - the ring of Eblinyg (left hand) {Str+3 Int+6}
   (You found it on level 3 of the Elven Halls)

   [ring of intelligence]

   It affects your strength (+3).
   It affects your intelligence (+6).
 L - an uncursed ring of protection from fire
 N - the amulet of the Evening (around neck) {RegenMP Str+4 Int+4 Dex-2}
   (You found it on level 7 of the Dungeon)

   [amulet of magic regeneration]

   It increases your magic regeneration.
   It affects your strength (+4).
   It affects your intelligence (+4).
   It affects your dexterity (-2).
 U - a ring of wizardry (right hand)
Wands
 C - a wand of disintegration (15)
Scrolls
 h - 2 scrolls of brand weapon
 k - 16 scrolls of teleportation
 p - 11 scrolls of enchant armour
 r - 25 scrolls of remove curse
 t - 18 scrolls of identify
 w - 5 scrolls of blinking
 z - 13 scrolls of enchant weapon
 G - 9 scrolls of amnesia
 J - 5 scrolls of fear
 K - 7 scrolls of fog
 P - 7 scrolls of magic mapping
 S - 3 scrolls of acquirement
 T - a scroll of silence
 Y - a scroll of holy word
Potions
 d - a potion of invisibility
 f - a potion of stabbing
 i - 5 potions of cancellation
 j - 10 potions of curing
 o - 3 potions of might
 B - 4 potions of magic
 D - a potion of ambrosia
 E - 4 potions of brilliance
 H - 2 potions of resistance
 X - 2 potions of haste
Comestibles
 c - 84 rations


   Skills:
 + Level 25.3 Fighting
 + Level 17.9 Armour
 + Level 14.4 Dodging
 - Level 2.1 Stealth
 + Level 15.7 Shields
 + Level 22.2 Spellcasting
 - Level 22.0 Ice Magic
 + Level 21.4 Earth Magic


You had 34 spell levels left.
You knew the following spells:

 Your Spells              Type           Power        Failure   Level  Hunger
a - Freeze                Ice            ####         0%          1    None
b - Frozen Ramparts       Ice            ######       0%          3    None
c - Hailstorm             Conj/Ice       ########     1%          4    None
d - Blink                 Tloc           N/A          1%          2    None
e - Ozocubu's Refrigerat  Ice            #########.   0%          6    None
f - Shatter               Erth           #########.   1%          9    None
g - Swiftness             Chrm/Air       ######..     1%          2    None
h - Absolute Zero         Ice            #########.   1%          9    None

Your spell library contained the following spells:

 Spells                   Type           Power        Failure   Level  Hunger
 Ignition                 Fire           ######....   75%         8    None
 Tornado                  Air            ######....   100%        9    None
 Ensorcelled Hibernation  Hex/Ice        ######       0%          2    None
 Passwall                 Tmut/Erth      ########     0%          2    None
 Ozocubu's Armour         Chrm/Ice       ########     0%          3    None
 Lee's Rapid Deconstruct  Erth           #########.   0%          5    None
 Animate Skeleton         Necr           N/A          1%          1    None
 Apportation              Tloc           ######       1%          1    None
 Beastly Appendage        Tmut           ######       1%          1    None
 Corona                   Hex            ######.      1%          1    None
 Foxfire                  Conj/Fire      ####         1%          1    None
 Magic Dart               Conj           ####         1%          1    None
 Pain                     Necr           ####         1%          1    None
 Sting                    Tmut/Pois      ####         1%          1    None
 Summon Butterflies       Summ           ######..     1%          1    None
 Summon Small Mammal      Summ           ####         1%          1    None
 Call Imp                 Summ           ######..     1%          2    None
 Poisonous Vapours        Pois/Air       ######       1%          2    None
 Searing Ray              Conj           ######       1%          2    None
 Slow                     Hex            ######..     1%          2    None
 Sticks to Snakes         Tmut           ######..     1%          2    None
 Call Canine Familiar     Summ           ######..     1%          3    None
 Confusing Touch          Hex            ######..     1%          3    None
 Conjure Flame            Conj/Fire      ######..     1%          3    None
 Dazzling Flash           Conj/Hex       ######       1%          3    None
 Gell's Gravitas          Tloc           ######....   1%          3    None
 Ignite Poison            Fire/Tmut/Pois ######..     1%          3    None
 Inner Flame              Hex/Fire       ######..     1%          3    None
 Mephitic Cloud           Conj/Pois/Air  ######..     1%          3    None
 Portal Projectile        Hex/Tloc       ######       1%          3    None
 Recall                   Summ/Tloc      N/A          1%          3    None
 Spider Form              Tmut/Pois      ######....   1%          3    None
 Static Discharge         Conj/Air       ######..     1%          3    None
 Tukima's Dance           Hex            ######..     1%          3    None
 Vampiric Draining        Necr           ######....   1%          3    None
 Animate Dead             Necr           N/A          1%          4    None
 Cause Fear               Hex            ######....   1%          4    None
 Fulminant Prism          Conj/Hex       ######....   1%          4    None
 Ice Form                 Ice/Tmut       ########     1%          4    None
 Iskenderun's Mystic Bla  Conj/Tloc      ######..     1%          4    None
 Leda's Liquefaction      Hex/Erth       ########..   1%          4    None
 Olgreb's Toxic Radiance  Pois           ######..     1%          4    None
 Passage of Golubria      Tloc           N/A          1%          4    None
 Petrify                  Tmut/Erth      ########     1%          4    None
 Sticky Flame             Conj/Fire      ######..     1%          4    None
 Summon Ice Beast         Ice/Summ       ########     1%          4    None
 Summon Lightning Spire   Summ/Air       ######..     1%          4    None
 Bolt of Magma            Conj/Fire/Erth ########..   1%          5    None
 Borgnjor's Vile Clutch   Necr/Erth      ########..   1%          5    None
 Fireball                 Conj/Fire      ######....   1%          5    None
 Irradiate                Conj/Tmut      ######....   1%          5    None
 Lightning Bolt           Conj/Air       ######....   1%          5    None
 Metabolic Englaciation   Hex/Ice        ########..   1%          5    None
 Yara's Violent Unravell  Hex/Tmut       ######....   1%          5    None
 Freezing Cloud           Conj/Ice/Air   ########..   1%          6    None
 Iron Shot                Conj/Erth      ########..   1%          6    None
 Simulacrum               Ice/Necr       ########..   1%          6    None
 Agony                    Necr           ######..     2%          5    None
 Alistair's Intoxication  Tmut/Pois      ######..     2%          5    None
 Aura of Abjuration       Summ           ######....   2%          5    None
 Blade Hands              Tmut           ######....   2%          5    None
 Silence                  Hex/Air        ######....   2%          5    None
 Summon Demon             Summ           ######....   2%          5    None
 Summon Forest            Summ/Tloc      ######....   2%          5    None
 Summon Mana Viper        Hex/Summ       ######..     2%          5    None
 Lehudib's Crystal Spear  Conj/Erth      ########..   2%          8    None
 Conjure Ball Lightning   Conj/Air       ######....   4%          6    None
 Starburst                Conj/Fire      ######....   4%          6    None
 Darkness                 Hex            ######....   14%         6    None
 Death Channel            Necr           ######....   14%         6    None
 Dispersal                Tloc           ######....   14%         6    None
 Eringya's Noxious Bog    Tmut/Pois      ######....   14%         6    None
 Invisibility             Hex            ######..     14%         6    None
 Shadow Creatures         Summ           N/A          14%         6    None
 Spellforged Servitor     Conj/Summ      ######....   19%         7    None
 Dragon Form              Tmut           ######....   56%         7    None
 Malign Gateway           Summ/Tloc      ######....   56%         7    None
 Monstrous Menagerie      Summ           ######....   56%         7    None
 Ring of Flames           Chrm/Fire      ######....   56%         7    None
 Summon Greater Demon     Summ           ######....   56%         7    None
 Summon Hydra             Summ           ######....   56%         7    None
 Chain Lightning          Conj/Air       ######....   75%         8    None
 Controlled Blink         Tloc           N/A          99%         8    None
 Disjunction              Tloc           ######....   99%         8    None
 Summon Horrible Things   Summ           ######....   99%         8    None
 Dragon's Call            Summ           ######....   100%        9    None
 Fire Storm               Conj/Fire      ######....   100%        9    None
 Sublimation of Blood     Necr           Unusable     N/A         2    N/A
 Statue Form              Tmut/Erth      Unusable     N/A         6    N/A

Dungeon Overview and Level Annotations

Branches:
Dungeon (15/15)            Temple (1/1) D:5            Lair (6/6) D:10
  Swamp (4/4) Lair:3        Snake (4/4) Lair:3        Slime (5/5) Lair:6
    Orc (2/2) D:10            Elf (3/3) Orc:2        Vaults (5/5) D:14
  Crypt (3/3) Vaults:3       Tomb (3/3) Crypt:3      Depths (5/5) D:15
    Zot (0/5) Depths:5    Gauntlet (visited)

Altars:
Ashenzari
Cheibriados
Dithmenos
Elyvilon
Fedhas
Gozag
Hepliaklqana
Kikubaaqudgha
Makhleb
Nemelex Xobeh
Okawaru
Qazlal
Ru
Sif Muna
Trog
Uskayaw
Vehumet
Wu Jian
Xom
Yredelemnul
Zin
The Shining One
Beogh
Jiyva

Shops:
D:5 (   D:15 [   Orc:2 [}(}[(   Elf:1 ((*   Elf:2 (   Elf:3 %   Vaults:2 :
Vaults:4 =   Depths:3 =}=

Portals:
Hell: Depths:1 Depths:2 Depths:3 Depths:4 Depths:5
Abyss: Depths:1 Depths:3 Depths:4
Pandemonium: Depths:1 Depths:3
Ziggurat: Depths:1

Annotations:
D:7 2 runed translucent doors, exclusion: orange crystal statue


Innate Abilities, Weirdness & Mutations

You are resistant to torment.
Your stone body is resilient. (AC +20)
You are immune to poison.
Your large and strong wings let you fly indefinitely.
You resist negative energy. (rN+)
You are resistant to electric shocks. (rElec)
You can survive without breathing.
You are immune to petrification.
You are immune to rotting.
You are clumsy. (Dex -2)
Armour fits poorly on your strangely shaped body.
You are dopey. (Int -2)
Potions are less effective at restoring your health.


Message History

You feel a surge of power!
The dungeon rumbles!
You destroy the greater mummy!
Vehumet accepts your kill.
You feel your power returning.
The wraith disappears in a puff of smoke!
The shadow disappears in a puff of smoke!
The greater mummy is heavily damaged.
You destroy the guardian mummy!
Vehumet accepts your kill.
You feel your power returning.
The guardian mummy is severely damaged.
You feel extremely nervous for a moment...
You shiver with cold.
You feel extremely nervous for a moment...
Your body is wracked with pain!
* * * LOW HITPOINT WARNING * * *
The greater mummy casts a spell at you. Something smites you!
You die...

...............
...............
...............
...............
..............$
.............).
...............
.......@.†...^.
.....††††......
.....†††.†.....
§...†......^^..
..|†.†.........
..M§†....†.†...
.†?..†††.M..<..
)..†..^..†.....


You could see a greater mummy and a guardian mummy.

Vanquished Creatures
  the Royal Jelly (Slime:5)
  4 ancient liches
  Mara (Tomb:3)
  2 juggernauts (Depths:5)
  26 greater mummies
  Frederick (Depths:4)
  the Lernaean hydra (Swamp:4)
  Margery (Depths:5)
  Xtahua (Crypt:1)
  Saint Roka (Depths:4)
  8 caustic shrikes
  7 golden dragons
  The ghost of Ocherednoy the Hoplite, an adept MiFi of Okawaru (Elf:3)
  the Enchantress (Depths:4)
  Jory (Depths:4)
  2 bone dragons
  7 liches
  10 tentacled monstrosities
  5 deep elf blademasters (Elf:3)
  A shard shrike skeleton (Crypt:2)
  A quicksilver dragon (Vaults:5)
  7 titans
  2 deep elf master archers (Elf:3)
  Frances (D:13)
  25 acid blobs
  Gastronok (Orc:1)
  15 sphinxes
  2 tentacled starspawn (Abyss:3)
  3 thorn hunters
  11 tengu reavers
  3 ancient champions
  8 nagarajas (Snake:4)
  Donald (Snake:1)
  3 shadow dragons
  8 storm dragons
  12 azure jellies
  2 revenants (Tomb:3)
  15 fire giants
  10 deep elf sorcerers
  2 iron dragons
  16 frost giants
  An orc warlord (Vaults:5)
  Louise (Swamp:4)
  A draconian scorcher (Depths:5)
  Aizul (Vaults:1)
  8 ghouls
  12 vault wardens
  A draconian stormcaller (Abyss:3)
  2 deep elf elementalists (Elf:3)
  7 war gargoyles
  11 ironheart preservers
  24 stone giants
  20 very ugly things
  3 spriggan defenders (Depths:4)
  6 vampire knights
  2 entropy weavers
  A draconian annihilator (Depths:5)
  A juggernaut skeleton (Crypt:2)
  16 bennus
  7 spark wasps
  5 deep elf demonologists
  4 yellow draconians (Depths:5)
  3 black draconians (Depths:5)
  A dire elephant (Gauntlet)
  A minotaur (Gauntlet)
  9 deep elf annihilators
  15 ettins
  An eidolon (Crypt:1)
  3 crystal guardians (Crypt:3)
  3 deep elf death magi
  7 fire dragons
  Josephine (D:15)
  9 jiangshi
  2 merfolk impalers
  11 death oozes
  16 great orbs of eyes
  22 yaktaur captains
  The ghost of Ocherednoy the Basher, a journeyman MiFi of Okawaru (D:12)
  30 vault guards
  18 mummy priests
  18 naga warriors
  5 deep elf high priests
  A monstrous demonspawn (Depths:3)
  Erolcha (D:13)
  A hell beast (Depths:3)
  A quicksilver dragon skeleton (Crypt:3)
  7 anacondas
  20 hydras
  10 rakshasas
  7 spriggan air magi
  12 ice dragons
  A merfolk avatar (Lair:6)
  11 centaur warriors
  23 two-headed ogres
  10 ogre magi
  3 death knights
  A two-headed ogre (shapeshifter) (Vaults:5)
  6 death yaks (Lair:5)
  29 dancing weapons
  12 deep troll earth magi
  85 death scarabs
  A thrashing horror (Abyss:3)
  10 deep troll shamans
  19 alligators
  3 vampire magi
  Urug (D:10)
  3 spriggan berserkers
  14 naga sharpshooters
  An orc high priest (Orc:2)
  6 tengu warriors
  Nergalle (D:11)
  10 shock serpents
  24 hell knights
  2 storm dragon zombies
  24 deep elf knights
  A fire crab (Gauntlet)
  10 spriggans
  3 shadow wraiths
  3 salamander mystics
  A sixfirhy (Abyss:3)
  A spark wasp zombie (Depths:1)
  14 sea snakes
  23 skeletal warriors
  3 iron trolls
  An infernal demonspawn (Depths:3)
  23 deep trolls
  A death drake (shapeshifter) (Vaults:5)
  6 flayed ghosts
  3 unseen horrors
  The ghost of Caphalor the Carver, a novice DsFi (D:8)
  7 naga ritualists
  6 glowing orange brains
  12 swamp dragons
  2 spriggan druids (Swamp:4)
  2 shadow dragon zombies
  An iron giant zombie (Crypt:1)
  17 deep elf archers
  8 phantasmal warriors
  12 harpies
  14 necromancers
  5 wizards
  5 mana vipers
  11 orc knights
  64 deep elf magi
  15 ironbrand convokers
  A wolf spider zombie (Tomb:1)
  39 ugly things
  4 oklob plants (Lair:6)
  3 wolf spiders
  A stone giant zombie (Crypt:3)
  2 orc sorcerers
  7 shining eyes
  3 fire giant zombies
  A wolf spider (shapeshifter) (Vaults:5)
  4 manticores
  A frost giant zombie (Depths:1)
  11 cyclopes
  12 salamanders
  14 vault sentinels
  2 frost giant skeletons
  A shock serpent zombie (Crypt:1)
  12 elephants
  2 fire giant skeletons
  A dire elephant zombie (Crypt:3)
  3 eyes of devastation
  27 black mambas
  7 guardian serpents
  A smoke demon (Depths:3)
  22 naga magi
  2 stone giant skeletons
  A dire elephant skeleton (Crypt:3)
  An eye of devastation (shapeshifter) (Vaults:3)
  20 spiny frogs
  6 gargoyles
  A spiny frog (shapeshifter) (Vaults:5)
  A spriggan skeleton (Depths:2)
  4 kobold demonologists
  13 komodo dragons
  A catoblepas zombie (Crypt:3)
  A minotaur zombie (Crypt:1)
  5 rime drakes
  2 ice devils
  33 yaktaurs
  A demonic crawler (Abyss:3)
  12 freezing wraiths
  2 jumping spiders (Vaults:5)
  9 trolls
  A merfolk (shapeshifter) (Vaults:5)
  3 ancient zymes (Abyss:3)
  2 efreet
  46 guardian mummies
  4 tengu conjurers
  A jumping spider (shapeshifter) (Vaults:3)
  2 wind drakes (Lair:6)
  A yaktaur skeleton (Vaults:4)
  6 tyrant leeches
  2 polar bears (Lair:6)
  14 hornets
  A blink frog (shapeshifter) (Vaults:3)
  7 dream sheep (Lair:6)
  2 moth of wrath zombies (Crypt:1)
  2 wind drakes (shapeshifter)
  17 bog bodies
  15 hippogriffs
  18 blink frogs
  A raiju (shapeshifter) (Depths:4)
  149 slime creatures
  An ice dragon zombie (Tomb:3)
  A fire dragon skeleton (Crypt:1)
  3 fire dragon zombies
  54 flying skulls
  7 centaur simulacra
  A wyvern (shapeshifter) (Depths:4)
  12 water elementals
  3 starcursed masses (Abyss:3)
  2 ice dragon skeletons
  5 redbacks
  A spriggan (shapeshifter) (Depths:5)
  6 wyverns
  2 shadows
  A vampire (D:14)
  17 ushabtiu
  3 fire elementals
  11 wraiths
  2 golden eyes (shapeshifter)
  46 yaks
  Grum (D:10)
  4 golden eyes (Slime:4)
  2 basilisks
  A basilisk (shapeshifter) (Vaults:2)
  A steam dragon (D:8)
  4 fire bats (Gauntlet)
  15 vampire mosquitoes
  A yaktaur simulacrum (Depths:1)
  A naga (shapeshifter) (Vaults:2)
  An acid dragon (D:13)
  A deep troll zombie (Vaults:4)
  46 nagas
  4 soldier ants
  16 swamp worms
  11 wargs
  28 insubstantial wisps
  9 water moccasins
  2 hell hounds (Gauntlet)
  2 large abominations (Abyss:3)
  A merfolk skeleton (Crypt:2)
  Duvessa (D:5)
  A spiny frog zombie (Crypt:3)
  A spiny frog skeleton (Crypt:3)
  9 swamp drakes
  A floating eye (shapeshifter) (Vaults:5)
  5 porcupines
  4 ice beasts
  48 orc warriors
  5 sky beasts
  An elf zombie (Vaults:4)
  4 phantoms
  2 floating eyes
  10 eyes of draining
  A black bear (D:10)
  4 necrophages
  40 ogres
  4 boggarts
  5 wolves
  38 centaurs
  A swamp dragon skeleton (Crypt:1)
  10 crocodiles
  6 big kobolds
  4 human zombies (Vaults:4)
  3 earth elementals
  15 bullfrogs
  2 elf skeletons
  Dowan (D:5)
  A wyvern zombie (D:9)
  6 gnoll sergeants
  6 small abominations (Abyss:3)
  4 scorpions
  A queen bee zombie (Crypt:2)
  An orc simulacrum (Vaults:2)
  6 killer bees
  6 electric eels
  A howler monkey (D:6)
  8 crimson imps
  3 centaur zombies
  2 human simulacra (Vaults:2)
  4 hounds
  3 quasits
  2 bullfrog zombies
  18 orc priests
  2 wyvern simulacra
  3 centaur skeletons
  A gnoll shaman (D:8)
  23 orc wizards
  7 jellies
  5 bullfrog skeletons
  An iron imp (Depths:4)
  7 iguanas
  Natasha (thrice) (D:2)
  8 worker ants
  A bullfrog simulacrum (D:12)
  49 mummies
  A worker ant zombie (D:6)
  21 gnolls
  14 adders
  A hound simulacrum (D:11)
  7 shadow imps
  2 white imps
  2 worker ant simulacra (D:11)
  2 ufetubi (D:11)
  2 adder skeletons (D:5)
  An adder zombie (D:7)
  A lava snake skeleton (Crypt:2)
  4 worms
  2 dart slugs
  2 leopard geckos
  116 orcs
  6 bats
  A giant cockroach (D:1)
  6 goblins
  5 hobgoblins
  4 jackals (D:6)
  13 kobolds
  2 quokkas
  A ball python (D:3)
  2 frilled lizards
  A kobold zombie (Crypt:1)
  7 rats
  21 blocks of ice
  52 briar patches
  3 bushes (Lair:6)
  11 butterflies (Vaults:2)
  29 fungi
  43 plants
  2 starspawn tentacles (Abyss:3)
2889 creatures vanquished.

Vanquished Creatures (others)
  An air elemental (Elf:3)
  A water elemental (Elf:3)
  2 orc warriors (Vaults:5)
  A jelly (D:13)
  166 blocks of ice
  A bush (Lair:1)
  22 fungi
  32 plants
  4 starspawn tentacles (Abyss:3)
  9 withered plants (Gauntlet)
239 creatures vanquished.

Grand Total: 3128 creatures vanquished

Notes
Turn   | Place    | Note
-------+----------+-------------------------------------------
     0 | D:1      | Essalna the Gargoyle Ice Elementalist began the quest for
                  | the Orb.
     0 | D:1      | Reached XP level 1. HP: 10/10 MP: 3/3
   194 | D:1      | Reached XP level 2. HP: 16/16 MP: 5/5
   807 | D:2      | Reached skill level 1 in Fighting
   807 | D:2      | Reached skill level 1 in Armour
   821 | D:2      | Reached XP level 3. HP: 20/20 MP: 6/6
   949 | D:2      | Noticed Natasha
   953 | D:2      | Killed Natasha
   953 | D:2      | Reached XP level 4. HP: 25/25 MP: 3/7
  1485 | D:2      | Noticed Natasha
  1511 | D:2      | Killed Natasha
  1511 | D:2      | Reached skill level 2 in Fighting
  1511 | D:2      | Reached XP level 5. HP: 29/30 MP: 3/9
  1625 | D:2      | Noticed Natasha
  1634 | D:2      | Killed Natasha
  1948 | D:3      | Found an opulent altar of Gozag.
  2507 | D:4      | Learned a level 3 spell: Frozen Ramparts
  2648 | D:4      | Reached XP level 6. HP: 21/36 MP: 4/10
  3422 | D:5      | Entered Level 5 of the Dungeon
  3619 | D:5      | Found a staircase to the Ecumenical Temple.
  3619 | D:5      | Reached skill level 5 in Ice Magic
  3621 | D:5      | Reached skill level 3 in Fighting
  3621 | D:5      | Reached XP level 7. HP: 41/41 MP: 6/12
  3636 | D:5      | Got a transparent long sword
  3637 | D:5      | Identified the cursed +3 long sword of Inflation {vorpal,
                  | rElec rPois MR+} (You found it on level 5 of the Dungeon)
  3650 | Temple   | Entered the Ecumenical Temple
  3872 | Temple   | Became a worshipper of Vehumet
  4213 | D:5      | Found Azymnen's Antique Weapon Shop.
  4256 | D:5      | Noticed Duvessa
  4256 | D:5      | Noticed Dowan
  4269 | D:5      | Killed Duvessa
  4295 | D:5      | Killed Dowan
  4879 | D:6      | Reached XP level 8. HP: 44/48 MP: 9/14
  4880 | D:6      | Reached skill level 4 in Fighting
  5004 | D:6      | Reached * piety under Vehumet
  5004 | D:6      | Offered knowledge of Shock by Vehumet.
  5072 | D:6      | Noticed a troll
  5084 | D:6      | Killed a troll
  5679 | D:7      | Found a runed translucent door.
  5682 | D:7      | Noticed an orange crystal statue
  5686 | D:7      | Found the +10 tower shield of Ignorance {rN+ Int-4}
  5710 | D:7      | Found a runed translucent door.
  5752 | D:7      | Found a shattered altar of Ashenzari.
  5764 | D:7      | Noticed a hippogriff
  5767 | D:7      | Noticed a gargoyle
  5776 | D:7      | Killed a hippogriff
  5776 | D:7      | Reached skill level 5 in Fighting
  5776 | D:7      | Reached skill level 5 in Armour
  5777 | D:7      | Reached XP level 9. HP: 54/54 MP: 14/16
  5779 | D:7      | Reached skill level 5 in Spellcasting
  5780 | D:7      | Killed a gargoyle
  5981 | D:7      | Found a snail-covered altar of Cheibriados.
  5995 | D:7      | Learned a level 4 spell: Hailstorm
  5998 | D:7      | Learned a level 2 spell: Blink
  6049 | D:7      | Got a glittering copper amulet
  6050 | D:7      | Identified the amulet of the Evening {RegenMP Str+4 Int+4
                  | Dex-2} (You found it on level 7 of the Dungeon)
  6298 | D:7      | Reached skill level 6 in Fighting
  6433 | D:7      | Got a faintly glowing mace
  6434 | D:7      | Identified the +2 mace of Scorn {venom, *Slow +Blink rN+}
                  | (You found it on level 7 of the Dungeon)
  6667 | D:8      | Reached skill level 5 in Dodging
  6693 | D:8      | Reached ** piety under Vehumet
  6693 | D:8      | Offered knowledge of Searing Ray by Vehumet.
  6809 | D:8      | Found a transporter.
  7026 | D:8      | Got an encrusted dagger
  7027 | D:8      | Identified the +8 dagger of Extermination {antimagic, rElec
                  | Str+2 SInv} (You found it on level 8 of the Dungeon)
  7221 | D:8      | Reached XP level 10. HP: 45/61 MP: 17/19
  7361 | D:8      | Found a transporter.
  7364 | D:8      | Identified the ring "Vosebryg" {Str+6 Dex-5 SInv Stlth+}
  7712 | D:8      | Noticed Caphalor's ghost (novice DsFi)
  7734 | D:8      | Killed Caphalor's ghost
  7921 | D:9      | Reached skill level 7 in Fighting
  8137 | D:9      | Offered knowledge of Static Discharge by Vehumet.
  8203 | D:9      | Reached *** piety under Vehumet
  8425 | D:9      | Offered knowledge of Stone Arrow by Vehumet.
  8938 | D:10     | Entered Level 10 of the Dungeon
  8954 | D:10     | Noticed Urug
  8975 | D:10     | Killed Urug
  9173 | D:10     | Found a staircase to the Lair.
  9186 | D:10     | Found a staircase to the Orcish Mines.
  9191 | D:10     | Reached XP level 11. HP: 50/68 MP: 21/21
  9193 | D:10     | Reached **** piety under Vehumet
  9193 | D:10     | Reached skill level 1 in Shields
  9194 | D:10     | Reached skill level 8 in Fighting
  9257 | D:10     | Noticed Grum
  9261 | D:10     | Killed Grum
  9446 | D:10     | Offered knowledge of Lightning Bolt by Vehumet.
  9958 | D:11     | Noticed a two-headed ogre
  9961 | D:11     | Noticed a two-headed ogre
  9979 | D:10     | Killed a two-headed ogre
 10017 | Lair:1   | Entered Level 1 of the Lair of Beasts
 10404 | Lair:1   | Reached skill level 9 in Fighting
 10478 | Lair:1   | Reached XP level 12. HP: 53/76 MP: 23/23
 11808 | Lair:2   | Noticed a five-headed hydra
 11826 | Lair:2   | Killed a five-headed hydra
 11826 | Lair:2   | Reached skill level 5 in Shields
 12240 | Lair:3   | Found a staircase to the Swamp.
 12258 | Lair:3   | Reached ***** piety under Vehumet
 12330 | Lair:3   | Found a gate leading to a gauntlet.
 12337 | Lair:3   | Offered knowledge of Ozocubu's Refrigeration by Vehumet.
 12345 | Lair:3   | Learned a level 6 spell: Ozocubu's Refrigeration
 12377 | Gauntlet | Entered a Gauntlet
 12377 | Gauntlet | Found a transporter.
 12386 | Gauntlet | Found a transporter.
 12392 | Gauntlet | Noticed a great orb of eyes
 12405 | Gauntlet | Found a transporter.
 12406 | Gauntlet | Found a transporter.
 12418 | Gauntlet | Noticed a reaper
 12426 | Gauntlet | Found a transporter.
 12439 | Gauntlet | Found a transporter.
 12442 | Gauntlet | Found a transporter.
 12446 | Gauntlet | Found a transporter.
 12447 | Gauntlet | Noticed a dire elephant
 12478 | Gauntlet | Found a transporter.
 12480 | Gauntlet | Found a transporter.
 12484 | Gauntlet | Found a transporter.
 12504 | Gauntlet | Noticed a death scarab
 12505 | Gauntlet | Noticed a death scarab
 12546 | Gauntlet | Killed a dire elephant
 12546 | Gauntlet | Reached skill level 10 in Ice Magic
 12637 | Gauntlet | Got a pair of faintly humming boots
 12645 | Gauntlet | Identified the +0 pair of boots "Muxtax" {-Tele rC++ MP+9
                  | Stlth+} (You found it in a Gauntlet)
 12680 | Gauntlet | Reached skill level 10 in Armour
 12682 | Gauntlet | Reached skill level 10 in Fighting
 12697 | Gauntlet | Got a smoking helmet
 12698 | Gauntlet | Identified the +2 helmet "Ibikaf" {*Contam rC+ Dex+6 SInv}
                  | (You found it in a Gauntlet)
 12709 | Gauntlet | Identified the +1 kite shield of Objectivity {*Drain rN+
                  | Int+4 Dex+7}
 12709 | Gauntlet | Noticed a minotaur
 12717 | Gauntlet | Killed a minotaur
 12977 | Lair:3   | Found a staircase to the Snake Pit.
 13244 | Lair:4   | Noticed a five-headed hydra
 13253 | Lair:4   | Killed a seven-headed hydra
 13253 | Lair:4   | Reached XP level 13. HP: 57/82 MP: 26/26
 13497 | Lair:4   | Found a shimmering altar of Xom.
 13517 | Lair:4   | Got a warped platinum ring
 13519 | Lair:4   | Identified the ring of Viokun {+Fly rCorr} (You found it on
                  | level 4 of the Lair of Beasts)
 14768 | Lair:6   | Entered Level 6 of the Lair of Beasts
 14868 | Lair:6   | Reached skill level 11 in Fighting
 15061 | Lair:6   | Gained mutation: Your large and strong wings let you fly
                  | indefinitely. [Gargoyle growth]
 15061 | Lair:6   | Reached XP level 14. HP: 86/90 MP: 27/27
 15087 | Lair:6   | Identified a scroll of acquirement
 15208 | Lair:6   | Reached skill level 10 in Spellcasting
 15293 | Lair:6   | Identified the Disquisition on Igneous Companions
 15337 | Lair:6   | Got a coiled granite ring
 15342 | Lair:6   | Got a smouldering short sword
 15349 | Lair:6   | Identified the ring of Toajey {Fire Dex+2} (You found it on
                  | level 6 of the Lair of Beasts)
 15444 | Lair:6   | Found a shimmering altar of Xom.
 15773 | Lair:6   | Found a staircase to the Slime Pits.
 16232 | Orc:1    | Entered Level 1 of the Orcish Mines
 16586 | Orc:2    | Entered Level 2 of the Orcish Mines
 16608 | Orc:2    | Found Ungemyfu's Armour Shoppe.
 16738 | Orc:2    | Found Bontoal's Gadget Emporium.
 16979 | Orc:2    | Reached ****** piety under Vehumet
 16987 | Orc:2    | Offered knowledge of Iskenderun's Battlesphere by Vehumet.
 16993 | Orc:2    | Found Zamarch's Gadget Emporium.
 16993 | Orc:2    | Found Esmiq's Antique Armour Shop.
 16997 | Orc:2    | Found Ynukav's Weapon Boutique.
 16999 | Orc:2    | Found Zikutien's Antique Weapon Shoppe.
 17056 | Orc:2    | Found a staircase to the Elven Halls.
 17489 | Orc:1    | Found a roughly hewn altar of Beogh.
 17568 | Orc:1    | Noticed Gastronok
 17577 | Orc:1    | Killed Gastronok
 18223 | D:11     | Offered knowledge of Bolt of Magma by Vehumet.
 18279 | D:11     | Reached skill level 12 in Fighting
 18302 | D:11     | Identified the +7 short sword of Tenacity {vorpal, +Blink
                  | Int+4} (You found it on level 6 of the Lair of Beasts)
 18352 | D:11     | Reached XP level 15. HP: 96/96 MP: 29/29
 18725 | D:11     | Noticed Nergalle
 18730 | D:11     | Killed Nergalle
 19321 | D:12     | Noticed Ocherednoy's ghost (journeyman MiFi)
 19593 | D:12     | Reached skill level 10 in Dodging
 19623 | D:12     | Offered knowledge of Yara's Violent Unravelling by Vehumet.
 19867 | D:12     | Found a runed translucent gate.
 19867 | D:12     | Found a runed translucent gate.
 19885 | D:12     | Found a runed translucent gate.
 19916 | D:12     | Killed Ocherednoy's ghost
 20352 | D:13     | Noticed Erolcha
 20355 | D:13     | Killed Erolcha
 20495 | D:13     | Found a blossoming altar of Fedhas.
 21413 | D:13     | Noticed Frances
 21418 | D:13     | Killed Frances
 21800 | D:14     | Got a dazzling war axe
 21803 | D:14     | Got a buzzing leather armour
 21816 | D:14     | Identified the +2 leather armour of Disaster {-Cast rPois
                  | Dex+7} (You found it on level 14 of the Dungeon)
 21881 | D:14     | Identified the +3 war axe of Ijiliv {drain, Fragile rF+++
                  | Int+4} (You found it on level 14 of the Dungeon)
 21914 | D:14     | Offered knowledge of Lee's Rapid Deconstruction by Vehumet.
 22030 | D:14     | Reached skill level 10 in Shields
 22030 | D:14     | Reached XP level 16. HP: 44/103 MP: 31/31
 22325 | D:14     | Found a gate to the Vaults.
 22575 | D:14     | Reached skill level 13 in Fighting
 23032 | D:15     | Entered Level 15 of the Dungeon
 23062 | D:15     | Noticed Josephine
 23067 | D:15     | Killed Josephine
 23235 | D:15     | Found Feynwen's Antique Armour Shoppe.
 23285 | D:15     | Found a staircase to the Depths.
 23374 | D:15     | Got an encrusted chain mail
 23375 | D:15     | Identified the cursed +0 chain mail of the Distant Future
                  | {-Cast rElec Regen+ rCorr} (You found it on level 15 of the
                  | Dungeon)
 24138 | Swamp:1  | Entered Level 1 of the Swamp
 24702 | Swamp:1  | Offered knowledge of Orb of Destruction by Vehumet.
 26389 | Swamp:3  | Reached XP level 17. HP: 110/110 MP: 22/33
 26980 | Swamp:4  | Entered Level 4 of the Swamp
 27002 | Swamp:4  | Noticed Louise
 27007 | Swamp:4  | Offered knowledge of Freezing Cloud by Vehumet.
 27007 | Swamp:4  | Cast into level 3 of the Abyss (Louise)
 27007 | Abyss:3  | Found a shimmering blue altar of Sif Muna.
 27032 | Abyss:3  | Noticed a tentacled starspawn
 27061 | Abyss:3  | Killed a tentacled starspawn
 27095 | Abyss:3  | Noticed a tentacled starspawn
 27098 | Abyss:3  | Killed a tentacled starspawn
 27098 | Abyss:3  | Reached skill level 14 in Fighting
 27188 | Abyss:3  | Noticed a hellephant
 27326 | Abyss:3  | HP: 5/111 [blizzard demon/freezing blast (5)]
 27375 | Abyss:3  | Noticed a bone dragon
 27391 | Abyss:3  | Noticed a bone dragon
 27467 | Abyss:3  | Found a corrupted altar of Lugonu.
 27495 | Abyss:3  | Noticed a lich
 27496 | Swamp:4  | Escaped the Abyss
 27499 | Swamp:4  | Killed Louise
 27974 | Swamp:4  | Offered knowledge of Shatter by Vehumet.
 27974 | Swamp:4  | Offered knowledge of Tornado by Vehumet.
 27974 | Swamp:4  | Offered knowledge of Ignition by Vehumet.
 27985 | Swamp:4  | Learned a level 9 spell: Shatter
 28154 | Swamp:4  | Noticed the 27-headed Lernaean hydra
 28169 | Swamp:4  | Killed the 27-headed Lernaean hydra
 28183 | Swamp:4  | Got a decaying rune of Zot
 28456 | Snake:1  | Entered Level 1 of the Snake Pit
 28496 | Snake:1  | Reached XP level 18. HP: 117/117 MP: 34/34
 28522 | Snake:1  | Noticed Donald
 28534 | Snake:1  | Killed Donald
 28729 | Snake:1  | Found a sacrificial altar of Ru.
 30196 | Snake:3  | Reached skill level 15 in Armour
 30507 | Snake:3  | Reached skill level 15 in Fighting
 31143 | Snake:4  | Entered Level 4 of the Snake Pit
 31617 | Snake:4  | Reached XP level 19. HP: 124/124 MP: 36/36
 31618 | Snake:4  | Reached skill level 15 in Ice Magic
 31740 | Snake:4  | Reached skill level 16 in Fighting
 31796 | Snake:4  | Got a serpentine rune of Zot
 32551 | Vaults:1 | Entered Level 1 of the Vaults
 32560 | Vaults:1 | Noticed Aizul
 32565 | Vaults:1 | Killed Aizul
 34270 | Vaults:2 | Reached XP level 20. HP: 126/133 MP: 34/38
 34540 | Vaults:2 | Reached skill level 17 in Fighting
 34677 | Vaults:2 | You fall into a shaft and drop 2 floors!
 34720 | Vaults:4 | Reached skill level 15 in Spellcasting
 35264 | Vaults:4 | Found Jam Raet's Jewellery Emporium.
 36183 | Vaults:4 | Got an opal-encrusted plate armour
 36184 | Vaults:4 | Identified the +1 plate armour of Maschueps {Harm rF-
                  | Dex+6} (You found it on level 4 of the Vaults)
 36822 | Vaults:3 | Found a portal to a secret trove of treasure.
 36836 | Vaults:3 | You fall into a shaft and drop 1 floor!
 37299 | Vaults:3 | Noticed a bone dragon
 37300 | Vaults:3 | Found a staircase to the Crypt.
 37308 | Vaults:3 | Reached skill level 18 in Fighting
 37332 | Vaults:3 | Killed a bone dragon
 37813 | Vaults:3 | Learned a level 2 spell: Swiftness
 37872 | Vaults:3 | Learned a level 9 spell: Absolute Zero
 38064 | Vaults:2 | Reached XP level 21. HP: 141/141 MP: 37/40
 38380 | Vaults:2 | Found Bouluet's Book Shoppe.
 38740 | Vaults:2 | Found a huge runed gate.
 38740 | Vaults:2 | Found a huge runed gate.
 38740 | Vaults:2 | Found a huge runed gate.
 38740 | Vaults:2 | Found a huge runed gate.
 38741 | Vaults:2 | Found a huge runed gate.
 38741 | Vaults:2 | Found a huge runed gate.
 38741 | Vaults:2 | Found a huge runed gate.
 38741 | Vaults:2 | Found a huge runed gate.
 38741 | Vaults:2 | Found a huge runed gate.
 38741 | Vaults:2 | Found a huge runed gate.
 38745 | Vaults:2 | Found a huge runed gate.
 38745 | Vaults:2 | Found a huge runed gate.
 38745 | Vaults:2 | Found a huge runed gate.
 38745 | Vaults:2 | Found a huge runed gate.
 38745 | Vaults:2 | Found a huge runed gate.
 38745 | Vaults:2 | Found a huge runed gate.
 38745 | Vaults:2 | Found a huge runed gate.
 38746 | Vaults:2 | Found a huge runed gate.
 38747 | Vaults:2 | Found a huge runed gate.
 38756 | Vaults:2 | Found a huge runed gate.
 38756 | Vaults:2 | Found a huge runed gate.
 38756 | Vaults:2 | Found a huge runed gate.
 38756 | Vaults:2 | Found a huge runed gate.
 38756 | Vaults:2 | Found a huge runed gate.
 38756 | Vaults:2 | Found a huge runed gate.
 38756 | Vaults:2 | Found a huge runed gate.
 38757 | Vaults:2 | Found a huge runed gate.
 38758 | Vaults:2 | Found a huge runed gate.
 38766 | Vaults:2 | Found a huge runed gate.
 38766 | Vaults:2 | Found a huge runed gate.
 38766 | Vaults:2 | Found a huge runed gate.
 38766 | Vaults:2 | Found a huge runed gate.
 38766 | Vaults:2 | Found a huge runed gate.
 38766 | Vaults:2 | Found a huge runed gate.
 38766 | Vaults:2 | Found a huge runed gate.
 38767 | Vaults:2 | Found a huge runed gate.
 38801 | Vaults:2 | Reached skill level 1 in Earth Magic
 39216 | Vaults:2 | Got a fine lead ring
 39261 | Vaults:2 | Identified the ring of Fallacy {Str+4 Dex+6 Slay+3} (You
                  | found it on level 2 of the Vaults)
 39646 | Elf:1    | Entered Level 1 of the Elven Halls
 39760 | Elf:1    | Identified Focseng's Almanac of the Escort
 39906 | Elf:1    | Found Okerrih's Antique Weapon Shoppe.
 40168 | Elf:1    | Found Igodgh's Weapon Emporium.
 40756 | Elf:1    | Found Plog's General Store.
 41044 | Elf:2    | Found a runed translucent gate.
 41044 | Elf:2    | Found a runed translucent gate.
 41045 | Elf:2    | Found a runed translucent gate.
 41310 | Elf:2    | Found Zuugeifeha's Weapon Shoppe.
 42137 | Elf:2    | Reached skill level 5 in Earth Magic
 43043 | Elf:3    | Entered Level 3 of the Elven Halls
 43043 | Elf:3    | Found a runed translucent gate.
 43043 | Elf:3    | Found a runed translucent gate.
 43256 | Elf:3    | Found a runed translucent gate.
 43257 | Elf:3    | Noticed Ocherednoy's ghost (adept MiFi)
 43257 | Elf:3    | Identified the ring of Untruth {*Tele rN+ Dex+8}
 43277 | Elf:3    | Killed Ocherednoy's ghost
 43304 | Elf:3    | Got a twisted cloak
 43315 | Elf:3    | Identified the +2 cloak of Existentialism {*Slow Dex+4
                  | Stlth+} (You found it on level 3 of the Elven Halls)
 43550 | Elf:3    | Reached skill level 19 in Fighting
 43611 | Elf:3    | Found Yfosos's Food Boutique.
 44259 | Elf:3    | Reached XP level 22. HP: 141/149 MP: 42/42
 44433 | Elf:3    | Identified the ring "Ruef" {Ice rPois Slay+3}
 44819 | Elf:3    | Got a twitching ivory ring
 44826 | Elf:3    | Got a glimmering war axe
 44841 | Elf:3    | Identified the ring of Eblinyg {Str+3 Int+6} (You found it
                  | on level 3 of the Elven Halls)
 44906 | Elf:3    | Got an ancient silver ring
 44911 | Elf:3    | Identified the ring "Libej" {AC+4 Str+4 Int+2 Dex+4} (You
                  | found it on level 3 of the Elven Halls)
 44930 | Elf:3    | Identified the Papyrus of Cankerous Shape Shifting
 44959 | Elf:3    | Got distressingly furry gold dragon scales
 45346 | Slime:1  | Entered Level 1 of the Pits of Slime
 46345 | Slime:3  | Reached skill level 10 in Earth Magic
 46862 | Slime:2  | Gained mutation: Potions are less effective at restoring
                  | your health. [a shining eye]
 46863 | Slime:2  | Gained mutation: You are dopey. (Int -2) [a shining eye]
 47241 | Slime:4  | Reached skill level 20 in Fighting
 47391 | Slime:4  | Reached XP level 23. HP: 156/156 MP: 29/44
 47573 | Slime:4  | Gained mutation: Armour fits poorly on your strangely
                  | shaped body. [a shining eye]
 47903 | Slime:5  | Entered Level 5 of the Pits of Slime
 48452 | Slime:5  | Found a viscous altar of Jiyva.
 48453 | Slime:5  | Noticed the Royal Jelly
 48464 | Slime:5  | Killed the Royal Jelly
 48535 | Slime:5  | Got a slimy rune of Zot
 48653 | Slime:5  | Identified the +2 gold dragon scales "Xaagirua" {Harm rPois
                  | rF+ rC+ rCorr MP+9 Str+4} (You found it on level 3 of the
                  | Elven Halls)
 48660 | Slime:5  | Got a crude chain mail
 48661 | Slime:5  | Identified the cursed +0 chain mail of Soty {Dex+4 Stlth+}
                  | (You found it on level 5 of the Pits of Slime)
 49347 | Vaults:5 | Entered Level 5 of the Vaults
 50526 | Vaults:5 | Reached XP level 24. HP: 164/164 MP: 40/45
 51032 | Vaults:5 | Reached skill level 21 in Fighting
 52327 | Vaults:5 | Got a silver rune of Zot
 52662 | Vaults:5 | Got a slimy granite ring
 52664 | Vaults:5 | Got a warped marble ring
 52665 | Vaults:5 | Identified the ring of Coufriuk {*Slow rF+ rN+ Slay+5} (You
                  | found it on level 5 of the Vaults)
 52666 | Vaults:5 | Identified the ring "Ariseem" {+Fly rF+} (You found it on
                  | level 5 of the Vaults)
 52885 | Depths:1 | Entered Level 1 of the Depths
 52914 | Depths:1 | Found a gateway to a ziggurat.
 52915 | Depths:1 | You are sucked into a shaft and drop 1 floor!
 52924 | Depths:2 | Noticed a caustic shrike
 52976 | Depths:2 | Reached XP level 25. HP: 87/172 MP: 36/45
 53473 | Depths:2 | Found a gateway to Hell.
 53567 | Depths:2 | Reached skill level 15 in Earth Magic
 54751 | Depths:1 | Reached skill level 22 in Fighting
 54991 | Depths:1 | Found a one-way gate leading to the halls of Pandemonium.
 55082 | Depths:1 | Found a one-way gate to the infinite horrors of the Abyss.
 55439 | Depths:2 | Paralysed by a floating eye for 3 turns
 55873 | Depths:2 | Paralysed by a sphinx for 5 turns
 56136 | Depths:3 | Found Sybboggi's Jewellery Shoppe.
 56137 | Depths:3 | Found Tiutseta's Gadget Boutique.
 56144 | Depths:3 | Found Odadduto's Jewellery Shoppe.
 56683 | Depths:3 | Got a pair of fine gloves
 56694 | Depths:3 | Identified the +1 pair of gloves of Boffese {+Blink rCorr
                  | Int+7} (You found it on level 3 of the Depths)
 57107 | Depths:3 | Reached XP level 26. HP: 124/180 MP: 21/46
 57914 | Depths:4 | Noticed the Enchantress
 57920 | Depths:4 | Killed the Enchantress
 57924 | Depths:4 | Gained mutation: You are clumsy. (Dex -2) [mutagenic glow]
 58125 | Depths:4 | Identified the +12 eveningstar "Ruopliskas" {vorpal, +Inv
                  | rC+ MR- Str+2}
 58256 | Depths:4 | Reached skill level 23 in Fighting
 58269 | Depths:4 | Noticed Saint Roka
 58276 | Depths:4 | Killed Saint Roka
 58323 | Depths:4 | Noticed Frederick
 58325 | Depths:4 | Killed Frederick
 58610 | Depths:4 | Reached XP level 27. HP: 188/188 MP: 47/47
 59311 | Depths:4 | Noticed Jory
 59312 | Depths:4 | Killed Jory
 59694 | Depths:5 | Entered Level 5 of the Depths
 59781 | Depths:5 | Noticed Margery
 59788 | Depths:5 | Killed Margery
 59852 | Depths:5 | Noticed a juggernaut
 59853 | Depths:5 | Killed a juggernaut
 59870 | Depths:5 | Found a flickering gateway to a bazaar.
 59875 | Depths:5 | Noticed a juggernaut
 59879 | Bazaar   | Entered a bazaar
 59945 | Bazaar   | Found Honi's Jewellery Shop.
 59981 | Bazaar   | Found Apebuim's Book Boutique.
 59981 | Bazaar   | Found Kyvimory's Gadget Shop.
 60006 | Bazaar   | Found Atoskou's Gadget Boutique.
 60024 | Depths:5 | Killed a juggernaut
 60490 | Depths:5 | Found a gate to the Realm of Zot.
 61802 | Crypt:1  | Entered Level 1 of the Crypt
 61950 | Crypt:1  | Noticed Xtahua
 61951 | Crypt:1  | Killed Xtahua
 62678 | Crypt:2  | Reached skill level 24 in Fighting
 63315 | Crypt:3  | Entered Level 3 of the Crypt
 63563 | Crypt:3  | Found a staircase to the Tomb.
 63659 | Crypt:3  | Noticed an ancient lich
 63663 | Crypt:3  | Killed an ancient lich
 63683 | Crypt:3  | Found a basalt altar of Yredelemnul.
 64716 | Tomb:1   | Entered Level 1 of the Tomb of the Ancients
 65056 | Tomb:1   | Noticed an ancient lich
 65059 | Tomb:1   | Killed an ancient lich
 65320 | Tomb:1   | Noticed a greater mummy
 65321 | Tomb:1   | Killed a greater mummy
 65577 | Tomb:1   | Noticed a greater mummy
 65580 | Tomb:1   | Killed a greater mummy
 65926 | Tomb:2   | Noticed an ancient lich
 65926 | Tomb:2   | Noticed a greater mummy
 65926 | Tomb:2   | Noticed a greater mummy
 65927 | Tomb:2   | Noticed a greater mummy
 65928 | Tomb:2   | Killed an ancient lich
 65929 | Tomb:2   | Killed a greater mummy
 65929 | Tomb:2   | Killed a greater mummy
 65930 | Tomb:2   | Killed a greater mummy
 66619 | Tomb:1   | Noticed a greater mummy
 66619 | Tomb:1   | Noticed a greater mummy
 66619 | Tomb:1   | Noticed a greater mummy
 66620 | Tomb:1   | Noticed a greater mummy
 66620 | Tomb:1   | Noticed a greater mummy
 66621 | Tomb:1   | Killed a greater mummy
 66621 | Tomb:1   | Killed a greater mummy
 66622 | Tomb:1   | Killed a greater mummy
 66622 | Tomb:1   | Killed a greater mummy
 66622 | Tomb:1   | Killed a greater mummy
 66623 | Tomb:1   | Noticed a greater mummy
 66625 | Tomb:1   | Killed a greater mummy
 66858 | Tomb:1   | Noticed a greater mummy
 66860 | Tomb:1   | Killed a greater mummy
 67020 | Tomb:1   | Noticed a greater mummy
 67022 | Tomb:1   | Killed a greater mummy
 67075 | Tomb:1   | Noticed a greater mummy
 67076 | Tomb:1   | Noticed a greater mummy
 67077 | Tomb:1   | Killed a greater mummy
 67079 | Tomb:1   | Killed a greater mummy
 67097 | Tomb:1   | Noticed a greater mummy
 67099 | Tomb:1   | Killed a greater mummy
 67198 | Tomb:1   | Noticed a greater mummy
 67199 | Tomb:1   | Noticed a greater mummy
 67200 | Tomb:1   | Noticed a greater mummy
 67201 | Tomb:1   | Killed a greater mummy
 67202 | Tomb:1   | Killed a greater mummy
 67202 | Tomb:1   | Killed a greater mummy
 67598 | Tomb:3   | Entered Level 3 of the Tomb of the Ancients
 67610 | Tomb:3   | Noticed Mara
 67611 | Tomb:3   | Killed Mara
 67611 | Tomb:3   | Reached skill level 15 in Shields
 67611 | Tomb:3   | Reached skill level 25 in Fighting
 67613 | Tomb:3   | Noticed a greater mummy
 67614 | Tomb:3   | Noticed a greater mummy
 67615 | Tomb:3   | Noticed a greater mummy
 67616 | Tomb:3   | Killed a greater mummy
 67617 | Tomb:3   | Killed a greater mummy
 67617 | Tomb:3   | Killed a greater mummy
 67617 | Tomb:3   | Noticed a greater mummy
 67620 | Tomb:3   | Killed a greater mummy
 67628 | Tomb:3   | Noticed a greater mummy
 67631 | Tomb:3   | Noticed an ancient lich
 67632 | Tomb:3   | Killed a greater mummy
 67632 | Tomb:3   | Noticed a greater mummy
 67633 | Tomb:3   | Killed an ancient lich
 67635 | Tomb:3   | Killed a greater mummy
 67635 | Tomb:3   | Noticed a greater mummy
 67637 | Tomb:3   | Noticed a greater mummy
 67639 | Tomb:3   | Killed a greater mummy
 67639 | Tomb:3   | Killed from afar by a greater mummy

Illustrated notes

Levels and vault maps discovered:
D:1:      minmay_arrival_semitransparent, layout_loops_ring, feat_on_display
D:2:      layout_loops_ring, uniq_natasha
D:3:      layout_rooms, grunt_gozag_breadcrumbs
D:4:      layout_loops_ring
D:5:      layout_gridville, minmay_temple_entry_ruins, first_ration,
          serial_shops, shop_statue, uniq_duvessa
D:6:      layout_basic
D:7:      cheibrodos_fzero, layout_basic, ashenzari_conservatory_becter,
          basic_altar, chequers_guarded_unrand_ignorance
D:8:      layout_layer_cave, gammafunk_ghost_gnarly_gnolls,
          hangedman_pestilent_swarm, minivault_11
D:9:      layout_stronghold
D:10:     layout_irregular_city, lair_entry_dummy, minmay_orc_entry_guard_dogs,
          kennysheep_generic_room_10, uniq_urug, uniq_grum
D:11:     hangedman_cross_cluster, layout_stronghold, serial_ice, serial_ice_n,
          serial_ice_i, serial_ice_a, serial_ice_b, serial_ice_h, serial_ice_d,
          serial_ice_m, uniq_nergalle
D:12:     layout_loops_corners, gammafunk_ghost_icy
D:13:     minmay_the_grid_triangle_9x9_recursive_3_mashed
          [minmay_the_grid_triangle_9x9_stretched_checkered,
          minmay_the_grid_triangle_9x9_checkered,
          minmay_the_grid_triangle_9x9_minimal,
          minmay_the_grid_triangle_9x9_prize_top_heavy,
          minmay_the_grid_triangle_9x9_shrine,
          minmay_the_grid_triangle_9x9_from_above,
          minmay_the_grid_triangle_9x9_warning,
          minmay_the_grid_triangle_9x9_windchime,
          minmay_the_grid_triangle_9x9_swiss_cheese], layout_grid_maze,
          uniq_frances, uniq_erolcha
D:14:     cheibrodos_elevator_heist, layout_loops_corners, david_vaults_5,
          hangedman_abyss_or_decor_slice
D:15:     hangedman_depths_entry_civil_slaughter, layout_irregular_city,
          chequers_arboretum, serial_shops, nicolae_shop_trees, uniq_josephine
Temple:   nicolae_temple_the_god_donut
Lair:1:   layout_big_grid, st_stairs_10, wad_woods_road_02, minmay_hedge_maze,
          minmay_holes, grunt_megastairs_3
Lair:2:   layout_cave_pods
Lair:3:   layout_cellular_growth, minmay_swamp_entry_worms, dummy_snake_entry,
          gauntlet_entry_generic, grunt_megastairs_1, infiniplex_staircase_pool,
          lemuel_fruit_tree
Lair:4:   layout_concentric_octagons, basic_altar
Lair:5:   layout_small_grid
Lair:6:   gammafunk_lair_ancient_temple, layout_loops_ring,
          minmay_slime_entry_oklob_enclosed, basic_altar, serial_bayou_shore_b,
          infiniplex_staircase_pool_2, serial_bayou_shore_b
Swamp:1:  layout_basic_swamp, nicolae_swamp_fairy_circle
Swamp:2:  layout_basic_swamp, evilmike_swamp_ruin_house_1
Swamp:3:  layout_basic_swamp, hangedman_swamp_cone, swamp_pool1
Swamp:4:  grunt_swamp_rune_castle, layout_basic_swamp, uniq_louise
Snake:1:  layout_rooms, basic_altar, uniq_donald
Snake:2:  layout_rooms
Snake:3:  layout_grid_maze
Snake:4:  grunt_snake_rune_pools, layout_onion, serial_bayou_lagoon_b
Slime:1:  layout_caves
Slime:2:  cheibrodos_slime_lost_civilization_2, layout_caves
Slime:3:  layout_caves
Slime:4:  layout_caves
Slime:5
Orc:1:    layout_diamond_mine, basic_altar, uniq_gastronok
Orc:2:    st_orc_rangers, layout_caves, serial_shops,
          nicolae_shop_temple_entry_statues_fountains, shop
Elf:1:    kennysheep_spiral_hall, layout_gridlike, serial_shops, shop, shop,
          shop, minmay_elf_demonology
Elf:2:    layout_geoelf_octagon, serial_shops, shop, st_stairs_11,
          patterned_corridor
Elf:3:    minmay_elf_hall, layout_geoelf_castle, serial_shops, shop_coins,
          gammafunk_ghost_tricky_traps, minivault_4
Vaults:1: ontoclasm_vaults_idyll, vaults_room_octagon,
          nicolae_vaults_yaktaur_gun_rack, v_misc_22, v_rooms_2,
          v_alt_pattern_1, v_misc_22, vaults_room_pool,
          nicolae_vaults_ninety_degrees, grunt_vaults_diagonal, v_misc_30,
          v_pattern_2, layout_vaults_omnigrid, uniq_aizul
Vaults:2: nicolae_vaults_what_the_h, hangedman_vaults_slither,
          vaults_standard_mumra_lines, nicolae_vaults_three_branches,
          v_alt_pattern_5, v_pattern_3, vaults_room_grid,
          vaults_not_door_vault_mu, nicolae_vaults_gold_heap,
          layout_vaults_big_cross, serial_shops, shop
Vaults:3: vaults_room_fancy_cross, grunt_vaults_focal, vaults_room_octagon,
          nicolae_vaults_asterisk, minmay_crypt_entry_nasty_monster,
          vaults_dpeg_encased_lava, vaults_room_corners, st_hourglassy,
          vaults_room_pools, vaults_room_door_hall, vaults_dpeg_ring,
          grunt_vaults_funnel, layout_vaults_chaotic_city, enter_trove_3
Vaults:4: kb_rosetta, hangedman_vaults_slice, v_misc_18,
          vaults_room_fancy_cross, ontoclasm_vaults_fault,
          vaults_standard_mumra_x, v_misc_4, hangedman_vaults_cutoff,
          dpeg_vaults_monster_row, vaults_dpeg_diagonal, layout_vaults_ring,
          serial_shops, shop
Vaults:5
Crypt:1:  layout_chaotic_city, feat_on_display, grunt_crypt_arrival_webbed,
          uniq_xtahua
Crypt:2:  layout_rooms
Crypt:3:  cryptofortress_bobbens
Tomb:1
Tomb:2
Tomb:3:   uniq_mara
Depths:1: layout_basic, enter_ziggurat_e, marbit_kobold_abyss_entry,
          grunt_pan_entry_sceptre, hell_entry, hangedman_abyss_or_decor_clamps,
          minmay_misc_feat_five, minmay_fountain_box, minmay_tree_intersection,
          lightli_minifort
Depths:2: minmay_tearing_corner, layout_cave_pools, hangedman_decor_growths,
          hangedman_tar_grid_catacomb
Depths:3: minmay_three_patterns, layout_cave_pools,
          nicolae_abyss_entry_one_way_or_another, serial_co_window_serial,
          co_window_of_opportunity_a, co_window_corner_a, co_window_paths_b,
          co_window_of_opportunity_a, co_window_paths_b, co_window_paths_b,
          co_window_broadway_b, co_window_corner_ca, co_window_broadway_a,
          hangedman_coc_ice_floe, rand_demon_pan_entry_7, minmay_shop_grove
Depths:4: minmay_quarter_circles, layout_small_grid,
          abyss_entry_small_statue_room, minmay_misc_feat_ornament,
          grunt_hell_entry_dis_mu, minmay_multi_spiral, serial_bayou_shore_a,
          uniq_enchantress, uniq_saint_roka, uniq_frederick, uniq_jory
Depths:5: grunt_bruiser_brothers, layout_basic, grunt_metal_band, serial_shops,
          bzr_entry_lakeside, grunt_ministairs_14, minmay_crystal_water

Skill      XL: |  1  2  3  4  5  6  7  8  9 10 11 12 13 14 15 16 17 18 19 20 21 22 23 24 25 26 27 |
---------------+----------------------------------------------------------------------------------+-----
Fighting       | 1 2 3 5 6 7 9 10 11 12 13 14 15 16 18 19 20 21 22 23 25 | 25.3
Armour         | 1 2 3 4 5 6 7 9 10 11 12 13 14 15 17 | 17.9
Dodging        | 2 3 4 5 6 7 8 9 10 11 12 14 | 14.4
Spellcasting   | 3 4 6 7 9 10 11 12 13 14 15 16 17 18 19 20 22 | 22.2
Ice Magic      | 5 6 7 8 9 10 11 12 13 14 16 17 18 19 20 21 22 | 22.0
Shields        | 4 5 7 8 10 11 12 15 | 15.7
Earth Magic    | 6 10 12 14 16 17 21 | 21.4
Stealth        | |  2.1

Action                   |  1- 3 |  4- 6 |  7- 9 | 10-12 | 13-15 | 16-18 | 19-21 | 22-24 | 25-27 || total
-------------------------+-------+-------+-------+-------+-------+-------+-------+-------+-------++-------
Melee: Unarmed           |     7 |       |       |       |       |       |       |       |       ||     7
       Spear             |    32 |    82 |       |       |       |       |       |       |       ||   114
       Whip              |       |    40 |       |       |       |       |       |       |       ||    40
       Long sword        |       |       |   145 |   284 |   148 |       |       |       |       ||   577
       Staff             |       |       |       |       |   267 |       |       |       |       ||   267
       Short sword       |       |       |       |       |   305 |       |       |       |       ||   305
       War axe           |       |       |       |       |    16 |   650 |   768 |   153 |   519 ||  2106
Throw: Dart              |       |     2 |       |       |       |       |       |       |       ||     2
 Cast: Freeze            |    19 |    29 |     6 |     9 |    56 |    52 |       |       |       ||   171
       Frozen Ramparts   |       |     8 |    26 |    66 |   102 |    59 |    90 |    25 |    57 ||   433
       Hailstorm         |       |       |     1 |    16 |    13 |    31 |     8 |       |       ||    69
       Ozocubu's Refrige |       |       |       |     9 |   116 |   223 |   235 |   343 |   274 ||  1200
       Absolute Zero     |       |       |       |       |       |       |    22 |    35 |   132 ||   189
       Swiftness         |       |       |       |       |       |       |     1 |     2 |       ||     3
       Shatter           |       |       |       |       |       |       |       |       |   133 ||   133
 Abil: Fly               |       |       |       |       |       |       |       |     1 |       ||     1
Evoke: Wand              |       |       |       |       |       |       |       |     6 |       ||     6
  Use: Scroll            |     1 |     1 |    11 |     6 |    19 |     7 |     3 |    15 |     1 ||    64
       Potion            |       |       |       |       |     2 |     5 |     4 |    21 |     8 ||    40
 Stab: Sleeping          |     2 |     2 |       |       |     8 |     5 |     5 |       |     2 ||    24
       Distracted        |       |       |       |     1 |       |       |     1 |       |       ||     2
  Eat: Chunk             |       |     9 |    13 |    21 |    43 |    35 |    46 |    13 |    30 ||   210
       Ration            |       |       |       |       |     2 |     4 |     1 |     7 |     8 ||    22
Armor: Robe              |     5 |    48 |    28 |       |       |       |   211 |   261 |   417 ||   970
       Troll leather arm |       |       |    47 |   140 |   298 |   423 |   374 |       |       ||  1282
       Fire dragon scale |       |       |       |       |    48 |       |       |       |       ||    48
Dodge: Dodged            |    32 |    78 |   116 |   269 |   604 |   669 |   761 |   275 |   419 ||  3223
Block: Buckler           |       |       |       |    87 |   348 |   388 |   444 |   148 |   164 ||  1579
       Kite shield       |       |       |       |       |       |       |       |       |   169 ||   169
       Rpst.: Long sword |       |       |    33 |    81 |    20 |       |       |       |       ||   134

Table legend:
 A = Non-vault XP
 B = Vault XP
 C = Vault XP percentage of total XP
 D = Non-vault monster count
 E = Vault monster count
 F = Vault count percentage of total count
                 A         B        C        D         E       F
            +---------+---------+-------+---------+---------+-------
      Total |  826721 | 1047708 |  55.9 |    1666 |    1046 |  38.6
            +---------+---------+-------+---------+---------+-------
        D:1 |      29 |       0 |   0.0 |      17 |       0 |   0.0
        D:2 |     151 |      35 |  18.8 |      14 |       1 |   6.7
        D:3 |      21 |       0 |   0.0 |      13 |       0 |   0.0
        D:4 |     221 |       0 |   0.0 |      20 |       0 |   0.0
        D:5 |     362 |     223 |  38.1 |      13 |       2 |  13.3
        D:6 |     962 |       0 |   0.0 |      27 |       0 |   0.0
        D:7 |     490 |    1284 |  72.4 |      11 |      11 |  50.0
        D:8 |     549 |    1449 |  72.5 |      10 |      15 |  60.0
        D:9 |    2444 |       0 |   0.0 |      57 |       0 |   0.0
       D:10 |    3243 |    2081 |  39.1 |      22 |       9 |  29.0
       D:11 |    4645 |    7837 |  62.8 |      38 |      36 |  48.6
       D:12 |    8606 |    3252 |  27.4 |      47 |      11 |  19.0
       D:13 |    6235 |   12406 |  66.6 |      32 |      27 |  45.8
       D:14 |    8822 |    3178 |  26.5 |      32 |       7 |  17.9
       D:15 |    4600 |    7328 |  61.4 |      13 |      11 |  45.8
     Lair:1 |    4909 |    1660 |  25.3 |      21 |       8 |  27.6
     Lair:2 |    3739 |       0 |   0.0 |      14 |       0 |   0.0
     Lair:3 |     784 |    1164 |  59.8 |       5 |       6 |  54.5
     Lair:4 |    3046 |       0 |   0.0 |       9 |       0 |   0.0
     Lair:5 |    9545 |       0 |   0.0 |      20 |       0 |   0.0
     Lair:6 |   12776 |   12076 |  48.6 |      42 |      30 |  41.7
    Swamp:1 |   20025 |       0 |   0.0 |      53 |       0 |   0.0
    Swamp:2 |    8024 |       0 |   0.0 |      21 |       0 |   0.0
    Swamp:3 |   11009 |       0 |   0.0 |      17 |       0 |   0.0
    Swamp:4 |   16886 |   24906 |  59.6 |      41 |      35 |  46.1
    Snake:1 |    9401 |    2021 |  17.7 |      16 |       1 |   5.9
    Snake:2 |   20725 |       0 |   0.0 |      48 |       0 |   0.0
    Snake:3 |   24117 |       0 |   0.0 |      44 |       0 |   0.0
    Snake:4 |   16999 |   41888 |  71.1 |      25 |      57 |  69.5
    Slime:1 |   23531 |       0 |   0.0 |      41 |       0 |   0.0
    Slime:2 |   14067 |       0 |   0.0 |      19 |       0 |   0.0
    Slime:3 |   16630 |       0 |   0.0 |      22 |       0 |   0.0
    Slime:4 |   25967 |       0 |   0.0 |      53 |       0 |   0.0
    Slime:5 |   17087 |   30965 |  64.4 |      39 |      13 |  25.0
      Orc:1 |    1307 |    2307 |  63.8 |      18 |       1 |   5.3
      Orc:2 |    4210 |    5228 |  55.4 |      45 |      38 |  45.8
      Elf:1 |    7690 |    9902 |  56.3 |      12 |      13 |  52.0
      Elf:2 |    8045 |   24229 |  75.1 |      13 |      32 |  71.1
      Elf:3 |   20906 |   47903 |  69.6 |      37 |      32 |  46.4
   Vaults:1 |   16201 |   15708 |  49.2 |      25 |      24 |  49.0
   Vaults:2 |   33549 |   20926 |  38.4 |      66 |      34 |  34.0
   Vaults:3 |   19836 |   13958 |  41.3 |      27 |      16 |  37.2
   Vaults:4 |   17217 |   29889 |  63.5 |      29 |      40 |  58.0
   Vaults:5 |   26008 |  122368 |  82.5 |      52 |      88 |  62.9
    Crypt:1 |   29564 |    4970 |  14.4 |      41 |       1 |   2.4
    Crypt:2 |   20454 |       0 |   0.0 |      27 |       0 |   0.0
    Crypt:3 |       0 |   64980 | 100.0 |       0 |      90 | 100.0
     Tomb:1 |   16053 |  132911 |  89.2 |      37 |      55 |  59.8
     Tomb:2 |   30394 |   46358 |  60.4 |      53 |      44 |  45.4
     Tomb:3 |    4021 |  125956 |  96.9 |      10 |      99 |  90.8
   Depths:1 |   44707 |    3216 |   6.7 |      46 |       5 |   9.8
   Depths:2 |   54480 |   49537 |  47.6 |      62 |      26 |  29.5
   Depths:3 |   28568 |   48333 |  62.9 |      39 |      26 |  40.0
   Depths:4 |   44432 |   90095 |  67.0 |      40 |      66 |  62.3
   Depths:5 |   85822 |   29390 |  25.5 |      47 |      24 |  33.8
    Abyss:3 |   12610 |       0 |   0.0 |      24 |       0 |   0.0
   Gauntlet |       0 |    5791 | 100.0 |       0 |      12 | 100.0
            +---------+---------+-------+---------+---------+-------
